 Dungeon Crawl Stone Soup version 0.22.0-6-g71bd7aa (webtiles) character file.

70 letownia2 the Insei (level 4, 20/32 HPs)
             Began as a Demonspawn Transmuter on Aug 15, 2018.
             Quit the game on level 2 of the Dungeon.
             The game lasted 00:04:10 (920 turns).

letownia2 the Insei (Demonspawn Transmuter)          Turns: 920, Time: 00:04:10

Health: 20/32      AC:  4    Str: 12    XL:     4   Next: 3%
Magic:  7/7        EV: 12    Int: 14    God:
Gold:   81         SH:  0    Dex: 13    Spells: 1/7 levels left

rFire    . . .     SeeInvis .     - Unarmed
rCold    . . .     Gourm    .   (no shield)
rNeg     . . .     Faith    .   c - +0 leather armour (curse)
rPois    .         Spirit   .   (no helmet)
rElec    .         Reflect  .   j - +0 cloak
rCorr    .         Harm     .   (no gloves)
MR       .....                  (no boots)
Stlth    +.........             (no amulet)
HPRegen  1.10/turn              (no ring)
MPRegen  0.10/turn              (no ring)

@: appendage (expiring), very slightly contaminated
A: claws 1, horns 2, powered by death 1, powered by pain 1
a: End Transformation


You were on level 2 of the Dungeon.
You were hungry.
You had grown temporary horns.
You visited 1 branch of the dungeon, and saw 4 of its levels.

You collected 81 gold pieces.

Inventory:

Missiles
 a - 35 arrows
Armour
 b - a +0 robe
 c - a cursed +0 leather armour (worn)
 g - a +0 ring mail
 j - a +0 cloak (worn)
 k - a +0 ring mail
 o - a +0 scale mail
Scrolls
 e - a scroll of teleportation {unknown}
 f - a scroll of enchant weapon {unknown}
 l - a scroll of identify {unknown}
 m - a scroll of remove curse {unknown}
Potions
 h - a potion of flight {unknown}
 i - a potion of magic {unknown}
 n - a potion of haste {unknown}
Comestibles
 d - a ration


   Skills:
 - Level 1.0 Fighting
 - Level 1.7 Dodging
 + Level 4.5 Unarmed Combat
 - Level 2.0 Spellcasting
 - Level 1.7 Transmutations


You had one spell level left.
You knew the following spells:

 Your Spells              Type           Power        Failure   Level  Hunger
a - Beastly Appendage     Tmut           #.....       14%         1    ##.....
l - Sticks to Snakes      Tmut           #.......     22%         2    ###....
p - Spider Form           Tmut/Pois      #.........   54%         3    ####...

Your spell library contained the following spells:

 Spells                   Type           Power        Failure   Level  Hunger
 Blade Hands              Tmut           #.........   99%         5    ######.
 Ice Form                 Ice/Tmut       #.......     91%         4    #####..


Dungeon Overview and Level Annotations

Branches:
Dungeon (4/15)
 Temple: D:4-7

Altars:
Elyvilon
Nemelex Xobeh
Vehumet


Innate Abilities, Weirdness & Mutations

You have sharp fingernails.
You regenerate a little health from kills.
You sometimes gain a little power by taking damage.
You have a pair of horns on your head.


Message History

The worm bites you.
You barely miss the worm.
The worm is moderately wounded.
You hit the worm.
The worm is heavily wounded.
The worm bites you!
You focus on the pain.
You feel your power returning.
You hit the worm. You headbutt the worm.
You kill the worm!
You have reached level 4!
You feel stronger.
Your demonic ancestry asserts itself...
Your fingernails lengthen.
You scratch the quokka.
The quokka is heavily wounded.
The quokka barely misses you.
You scratch the quokka. You headbutt the quokka.
You kill the quokka!
You scratch the rat.
You kill the rat!
You swing at nothing.
Are you sure you want to abandon this character and quit the game? (Confirm with "yes".)

## #.# #. ..# #. #.#
#.##.# ..#.# #.#.# #
#@#.# ######.#
...#.##†#.####......####
.......)................
........#.####.#########
........#.# #.#
........#.####.#
........#.#....#
........#.#....#
.#.#+##.#......#


There were no monsters in sight!

Vanquished Creatures
  An adder (D:2)
  3 worms
  2 dart slugs
  A leopard gecko (D:3)
  3 orcs (D:3)
  2 giant cockroaches
  7 goblins
  3 hobgoblins
  3 jackals (D:1)
  4 kobolds
  2 quokkas
  4 bats
  2 frilled lizards
  3 rats (D:2)
40 creatures vanquished.

Notes
Turn   | Place    | Note
-------+----------+-------------------------------------------
     0 | D:1      | letownia2 the Demonspawn Transmuter began the quest for the Orb.
     0 | D:1      | Reached XP level 1. HP: 15/15 MP: 3/3
    39 | D:1      | Reached skill level 3 in Unarmed Combat
   118 | D:1      | Gained mutation: You regenerate a little health from kills. [demonic ancestry]
   118 | D:1      | Reached XP level 2. HP: 17/21 MP: 3/5
   435 | D:2      | Found a sparkling altar of Nemelex Xobeh.
   460 | D:2      | Gained mutation: You sometimes gain a little power by taking damage. [demonic ancestry]
   460 | D:2      | Reached XP level 3. HP: 16/26 MP: 4/6
   524 | D:2      | Reached skill level 4 in Unarmed Combat
   572 | D:3      | Learned a level 2 spell: Sticks to Snakes
   576 | D:3      | Learned a level 3 spell: Spider Form
   806 | D:3      | Found a white marble altar of Elyvilon.
   807 | D:3      | Found a radiant altar of Vehumet.
   915 | D:2      | Gained mutation: You have sharp fingernails. [demonic ancestry]
   915 | D:2      | Reached XP level 4. HP: 18/32 MP: 7/7
   920 | D:2      | Quit the game

Skill      XL: |  1  2  3 |
---------------+----------+-----
Unarmed Combat | 3 4 |  4.5
Fighting       | |  1.0
Dodging        | |  1.7
Spellcasting   | |  2.0
Transmutations | |  1.7

Action                   |  1- 3 |  4- 6 || total
-------------------------+-------+-------++-------
Melee: Unarmed           |   146 |     3 ||   149
       Kick              |     4 |       ||     4
       Headbutt          |    21 |     1 ||    22
       Punch             |     1 |       ||     1
 Cast: Beastly Appendage |    18 |       ||    18
Armor: Robe              |     3 |       ||     3
       Leather armour    |    21 |       ||    21
Dodge: Dodged            |    82 |     1 ||    83
